 Dungeon Crawl Stone Soup version 0.20-a0-941-gba1b1f9 (webtiles) character file.

140 Krakonus1 the Shield-Bearer (level 5, -1/36 HPs)
             Began as an Octopode Fighter on Apr 1, 2017.
             Was a Follower of Qazlal.
             Slain by an orc wizard
             ... wielding a +1 dagger of venom
              (2 damage)
             ... on level 4 of the Dungeon.
             The game lasted 00:08:07 (3225 turns).

Krakonus1 the Shield-Bearer (Octopode Fighter)      Turns: 3225, Time: 00:08:08

Health: -1/36      AC:  1    Str: 15    XL:     5   Next: 23%
Magic:  5/5        EV: 12    Int: 10    God:    Qazlal [*.....]
Gold:   180        SH:  0    Dex: 13    Spells: 4/4 levels left

rFire    . . .     SeeInvis .   a - +0 trident
rCold    . . .     Gourm    .   b - +0 shield
rNeg     . . .     Faith    .   (helmet restricted)
rPois    .         Spirit   .   (no amulet)
rElec    .         Reflect  .   (no ring)
rCorr    .         Harm     .   (no ring)
MR       .....                  (no ring)
Stlth    ++........             (no ring)
Regen    0.2/turn               (no ring)
MPRegen  0.1/turn               (no ring)
                                (no ring)
                                (no ring)

@: confused
A: almost no armour, stealthy swim, amphibious, 8 rings, constrict 8, camouflage
1, gelatinous body 1
a: Renounce Religion


You were on level 4 of the Dungeon.
You worshipped Qazlal.
Qazlal was aware of your devotion.
You were not hungry.

You visited 1 branch of the dungeon, and saw 4 of its levels.

You collected 180 gold pieces.

Inventory:

Hand Weapons
 a - a +0 trident (weapon)
Armour
 b - a +0 shield (worn)
Scrolls
 e - 2 scrolls of fear {unknown}
 j - 2 scrolls of enchant armour {unknown}
 k - a scroll of immolation {unknown}
 l - 2 scrolls of identify {unknown}
 m - a scroll of remove curse {unknown}
 n - a scroll of recharging {unknown}
 p - a scroll of blinking {unknown}
 s - a scroll of magic mapping {unknown}
 t - a scroll of teleportation {unknown}
Potions
 c - 2 potions of might
 g - a potion of berserk rage {unknown}
 o - 2 potions of mutation {unknown}
 q - a potion of flight {unknown}
Comestibles
 d - 4 bread rations
 f - 2 royal jellies
 h - 3 meat rations
 i - 6 fruits


   Skills:
 + Level 3.5 Fighting
 + Level 2.7 Polearms
 * Level 4.0 Dodging
 * Level 4.2 Shields


You had 4 spell levels left.
You didn't know any spells.

Dungeon Overview and Level Annotations

Branches:
Dungeon (4/15)
 Temple: D:4-7

Altars:
Gozag
Qazlal
Vehumet
Wu Jian
Xom
Yredelemnul


Innate Abilities, Weirdness & Mutations

You cannot wear most types of armour.
You are very stealthy in the water. (Stealth+)
You are amphibious.
You can wear up to eight rings at the same time.
You can use your tentacles to constrict eight enemies at once.
Your skin changes colour to match your surroundings (Stealth+).
Your rubbery body absorbs attacks. (AC +1, EV +1)


Message History

A scorpion comes into view.
There is a stone staircase leading up here.
The orc wizard points at you and mumbles some strange words.
You are confused.
The orc closely misses you. The orc wizard barely misses you.
In your confused state, you trip and fall back down the stairs.
The orc closely misses you.
The orc wizard gestures at you while chanting.
The puff of frost hits you! The orc hits you.
The orc wizard hits you with a dagger.
The orc wizard hits you with a dagger of venom.
The orc hits you.
* * * LOW HITPOINT WARNING * * *
The orc hits you from afar with a trident.
* * * LOW HITPOINT WARNING * * *
In your confused state, you trip and fall back down the stairs.
* * * LOW HITPOINT WARNING * * *
The orc wizard hits you but does no damage.
The orc wizard hits you with a dagger of venom.
You die...

###..## #
#.....#######..
#......#.......
#.............#
#.....##o.....#
#.....#@oo.....
#.......o......
#.<............
#.......s....(.
###.#..........
#..##.........
#.####........
. #.....$.. .


You could see a scorpion, 2 orc wizards and 2 orcs.

Vanquished Creatures
  2 orc wizards (D:3)
  2 adders
  A worm (D:1)
  2 dart slugs (D:1)
  8 orcs (D:3)
  2 ball pythons
  2 bats
  5 giant cockroaches
  7 hobgoblins
  3 quokkas
  4 frilled lizards
  5 goblins
  6 kobolds
  2 rats
  A spectral orc (D:2)
52 creatures vanquished.

Notes
Turn   | Place    | Note
-------+----------+-------------------------------------------
     0 | D:1      | Krakonus1 the Octopode Fighter began the quest for the Orb.
     0 | D:1      | Reached XP level 1. HP: 16/16 MP: 1/1
   281 | D:1      | Reached XP level 2. HP: 21/21 MP: 2/2
  1114 | D:1      | Reached XP level 3. HP: 13/26 MP: 3/3
  1342 | D:2      | Found an opulent altar of Gozag.
  1451 | D:2      | Found a stormy altar of Qazlal.
  1453 | D:2      | Noticed an air elemental
  1454 | D:2      | Noticed a water elemental
  1454 | D:2      | Noticed an earth elemental
  1454 | D:2      | Noticed a fire elemental
  1548 | D:2      | Found a radiant altar of Vehumet.
  1557 | D:2      | Found a shimmering altar of Xom.
  1608 | D:2      | Found a basalt altar of Yredelemnul.
  2149 | D:3      | Reached XP level 4. HP: 27/31 MP: 4/4
  2533 | D:3      | Found a faded altar of an unknown god.
  2561 | D:3      | Became a worshipper of Qazlal Stormbringer
  2561 | D:3      | Reached * piety under Qazlal
  2759 | D:3      | Reached XP level 5. HP: 25/36 MP: 5/5
  3145 | D:3      | Found an ornate altar of the Wu Jian Council.
  3225 | D:4      | HP: 1/36 [fell downstairs (1)]
  3225 | D:4      | Slain by an orc wizard

Vault maps used:
D:1:      dpeg_arrival_signposts
D:2:      yredelemnul_forgotten_temple_becter, nicolae_qazlal_style_of_elements,
          amethyst_overflow_temple_binary, grunt_ministairs_2,
          grunt_decor_fettered, nicolae_gozag_seed_capital
D:3:      nicolae_overflow_hidden_temple, chequers_ecumenical_altar_simple
D:4:      kennysheep_slug_shrine, lemuel_coloured_pillars_altar,
          temple_fountains

Skill      XL: |  1  2  3  4  5 |
---------------+----------------+-----
Shields        | 4 |  4.2
Dodging        | 4 |  4.0
Fighting       | |  3.5
Polearms       | |  2.7

Action                   |  1- 3 |  4- 6 || total
-------------------------+-------+-------++-------
Melee: Trident           |    77 |    40 ||   117
       Constrict         |    11 |     6 ||    17
       Tentacles         |    11 |     5 ||    16
 Stab: Sleeping          |     2 |     4 ||     6
       Distracted        |       |     1 ||     1
  Eat: Chunk             |     3 |     4 ||     7
Armor: Skin              |     2 |     2 ||     4
Dodge: Dodged            |    28 |    10 ||    38
Block: Shield            |    22 |     6 ||    28
